 Dungeon Crawl Stone Soup version 0.27.0-1-g7a089689b8 (webtiles) character file.

Game seed: 5213810569985174525

792 sasquatch the Cleaver (level 7, -4/52 HPs)
             Began as a Demonspawn Berserker on July 31, 2021.
             Was a Priest of Trog.
             Killed by divine providence
             ... invoked by an orc priest
              (13 damage)
             ... on level 4 of the Dungeon.
             The game lasted 00:06:13 (4701 turns).

sasquatch the Cleaver (Demonspawn Berserker)        Turns: 4701, Time: 00:06:13

Health: -4/52      AC:  9    Str: 20    XL:     7   Next: 57%
Magic:  7/7        EV: 12    Int:  8    God:    Trog [***...]
Gold:   208        SH:  0    Dex: 12    Spells: 6/6 levels left

rFire    . . .     SeeInvis .   a - +0 hand axe
rCold    . . .     Faith    .   (no shield)
rNeg     . . .     Spirit   .   b - +0 animal skin
rPois    .         Reflect  .   (no helmet)
rElec    .         Harm     .   o - +0 cloak
rCorr    .         Rampage  .   (no gloves)
Will     .....                  (no boots)
Stlth    +.........             (no amulet)
HPRegen  0.17/turn              (no ring)
MPRegen  0.10/turn              (no ring)

@: sanguine armoured, on berserk cooldown
A: claws 1, demonic guardian 1, sanguine armour 1
a: Renounce Religion, Berserk, Trog's Hand


You were on level 4 of the Dungeon.
You worshipped Trog.
Trog was most pleased with you.
You visited 1 branch of the dungeon, and saw 4 of its levels.

You collected 208 gold pieces.

Inventory:

Hand Weapons
 a - a +0 hand axe (weapon)
Missiles
 l - a throwing net (quivered)
Armour
 b - a +0 animal skin (worn)
 o - a +0 cloak (worn)
Wands
 f - a wand of flame (32)
 m - a wand of polymorph (3)
Scrolls
 c - a scroll of fog {unknown}
 e - a scroll of noise {unknown}
 g - 3 scrolls of identify {unknown}
 j - a scroll of acquirement {unknown}
Potions
 d - a potion of lignification
 h - a potion of magic {unknown}
 i - a potion of cancellation {unknown}
 k - 2 potions of brilliance {unknown}
 n - a potion of ambrosia {unknown}


   Skills:
 - Level 3.0 Fighting
 + Level 8.3 Axes
 - Level 1.7 Armour
 - Level 1.7 Dodging


You had 6 spell levels left.
You didn't know any spells.
Your spell library was empty.

Dungeon Overview and Level Annotations

Branches:
Dungeon (4/15)
 Temple: D:4-7

Altars:
Wu Jian


Innate Abilities, Weirdness & Mutations

You have sharp fingernails.
A weak demonic guardian rushes to your aid.
When seriously injured, your bleeding wounds create armour. (AC +6)


Message History

The orc wizard is moderately wounded.
You barely miss the orc.
The orc wizard casts a spell.
The orc wizard flickers and vanishes!
Deactivating autopickup; reactivate with Ctrl-A.
The orc wizard gestures at you while chanting.
You resist with some effort. The orc misses you.
An orc priest comes into view. It is wielding a +0 hand axe.
You barely miss the orc wizard.
The orc wizard is moderately wounded.
You closely miss the orc.
The orc wizard hits you but does no damage.
The orc priest calls upon Beogh to heal the orc wizard.
The orc wizard's wounds heal themselves!
Unknown command.
You hit the orc wizard but do no damage.
You hit the orc. You miss something. The orc wizard barely misses you.
The orc hits you but does no damage.
You hear some strange, mumbled words.
Something tries to affect you, but you resist.
The orc closely misses you. The orc wizard misses you.
A giant cockroach comes into view.
A goblin comes into view. It is wielding a +0 club.
The orc barely misses you.
You see here a black bear corpse.
The orc hits you but does no damage.
You feel yourself speed up. The orc hits you with a +0 morningstar!
The giant cockroach completely misses you.
The giant cockroach bites you but does no damage.
The orc priest looks braver for a moment.
The giant cockroach barely misses you. The orc barely misses you.
The orc priest mumbles some strange prayers to Beogh against you.
Beogh smites you!
* * * LOW HITPOINT WARNING * * *
A demonic guardian appears!
The giant cockroach barely misses your iron imp.
The orc priest mumbles some strange prayers to Beogh against you.
Beogh smites you!
You die...

.....# #......# ####...#
###......# .##......#
#........#
#........###........#####
.....................##..
.......).............##.#
.......†.o.o.oo......##.#
............o.B.....###.#
..............#5@.....#.#
...................>.)..#
$.....................###
#.##..................#
#.#...................# .
#####...............#
########.......##
#######.........
#......#........


You could see an orc priest, an orc wizard, 3 orcs, a giant cockroach (ally
target) and a friendly iron imp (summoned).

Vanquished Creatures
  Sigmund (D:2)
  An ogre (D:4)
  A black bear (D:4)
  A centaur (D:3)
  A howler monkey (D:4)
  Crazy Yiuf (D:3)
  A gnoll shaman (D:3)
  2 orc priests (D:4)
  Jessica (D:2)
  2 orc wizards (D:4)
  3 gnolls (D:3)
  4 adders
  A worm (D:2)
  6 endoplasms
  4 giant cockroaches
  3 goblins
  10 hobgoblins
  5 jackals
  12 kobolds
  3 quokkas
  9 ball pythons
  5 bats
  4 frilled lizards
  5 rats
86 creatures vanquished.

Vanquished Creatures (collateral kills)
  An iguana (D:4)
1 creature vanquished.

Vanquished Creatures (others)
  2 fungi (D:3)
  3 plants (D:4)
5 creatures vanquished.

Grand Total: 92 creatures vanquished

Notes
Turn   | Place    | Note
-------+----------+-------------------------------------------
     0 | D:1      | sasquatch the Demonspawn Berserker began the quest for the
                  | Orb.
     0 | D:1      | Reached XP level 1. HP: 18/18 MP: 1/1
   124 | D:1      | Reached skill level 3 in Axes
   245 | D:1      | Gained mutation: A weak demonic guardian rushes to your
                  | aid. [demonic ancestry]
   245 | D:1      | Reached XP level 2. HP: 24/24 MP: 2/2
  1390 | D:2      | Reached ** piety under Trog
  1391 | D:2      | Reached XP level 3. HP: 6/29 MP: 3/3
  1735 | D:2      | Reached skill level 4 in Axes
  1756 | D:2      | Noticed Sigmund
  1763 | D:2      | HP: 1/29 [Sigmund/magic dart (8)]
  2086 | D:2      | Killed Sigmund
  2087 | D:2      | Reached skill level 5 in Axes
  2087 | D:2      | Gained mutation: When seriously injured, your bleeding
                  | wounds create armour. (AC +6) [demonic ancestry]
  2087 | D:2      | Reached XP level 4. HP: 28/35 MP: 4/4
  2087 | D:2      | Reached XP level 5. HP: 33/41 MP: 5/5
  2501 | D:2      | Noticed Jessica
  2513 | D:2      | Killed Jessica
  2558 | D:2      | Reached skill level 6 in Axes
  3052 | D:3      | Noticed a centaur
  3066 | D:3      | Killed a centaur
  3067 | D:3      | Reached XP level 6. HP: 23/47 MP: 6/6
  3258 | D:3      | Found an ornate altar of the Wu Jian Council.
  3962 | D:3      | Found a runed translucent door.
  3963 | D:3      | Noticed Crazy Yiuf
  3974 | D:3      | Killed Crazy Yiuf
  3974 | D:3      | Reached *** piety under Trog
  3975 | D:3      | Reached skill level 7 in Axes
  4080 | D:4      | Gained mutation: You have sharp fingernails. [demonic
                  | ancestry]
  4080 | D:4      | Reached XP level 7. HP: 29/52 MP: 7/7
  4664 | D:4      | Reached skill level 8 in Axes
  4701 | D:4      | Killed from afar by an orc priest

Illustrated notes

Levels and vault maps discovered:
D:1:      shiori_arrival_elements, layout_basic, minmay_distorted
D:2:      layout_loops_cross, feat_on_display, uniq_sigmund, uniq_jessica
D:3:      layout_basic, mainiacjoe_overflow_brackets, minmay_splitting_lines,
          uniq_crazy_yiuf_cottage
D:4:      layout_basic, nicolae_elyvilon_temple_path, overflow_temple_1_default,
          evilmike_ruin_ashenzari, minmay_temple_entry_sparse_star,
          minmay_misc_feat_ornament, amcnicky_mini_corridor_feature,
          uniq_blork_the_orc

Skill      XL: |  1  2  3  4  5  6  7 |
---------------+----------------------+-----
Axes           | 3 5 6 7 8 |  8.3
Fighting       | |  3.0
Armour         | |  1.7
Dodging        | |  1.7

Action                   |  1- 3 |  4- 6 |  7- 9 || total
-------------------------+-------+-------+-------++-------
Melee: Hand axe          |   100 |   143 |    52 ||   295
Invok: Berserk           |     2 |     5 |     2 ||     9
  Use: Potion            |       |       |     1 ||     1
 Stab: Sleeping          |     1 |       |       ||     1
       Distracted        |       |       |     1 ||     1
Armor: Animal skin       |    17 |    31 |    12 ||    60
       Skin              |       |     2 |    17 ||    19
Dodge: Dodged            |    76 |   110 |    26 ||   212
